NYP
HUDSON VALLEY RENEGADES @ IDAHO FALLS CHUKARS
06/03/2045
 
TOP OF THE 1ST
Hudson Valley Renegades batting - Pitching for Idaho Falls Chukars : RHP Philip Terrell
Pitching: RHP Philip Terrell
Batting: SHB Chris Lockart 0-0: Ground out 5-3 (Groundball, 56, EV 100.6 MPH)
Batting: RHB Evan Chalarian 0-0: Ball
1-0: Called Strike
1-1: Ball
2-1: Ball
3-1: Swinging Strike
3-2: Foul Ball, location: 2F
3-2: Base on Balls
Batting: LHB Josh Redfern 0-0: Ball
Evan Chalarian steals 2nd base
1-0: Ball
2-0: Ball
3-0: Called Strike
3-1: Base on Balls
Batting: SHB Suljo Dokic 0-0: Ball
1-0: 3-RUN HOME RUN (Flyball, 9D, EV 98.8 MPH), Distance : 372 ft
Batting: RHB Eddie Zamora 0-0: Ball
1-0: Ball
2-0: Called Strike
2-1: Ball
3-1: SOLO HOME RUN (Line Drive, 7D, EV 103.8 MPH), Distance : 398 ft
Pitching: RHP Gary Ackerman
Batting: LHB Alex Genao 0-0: Ball
1-0: Fly out, F8 (Flyball, 8LM, EV 82.5 MPH)
Batting: RHB Eric Waugaman 0-0: Ball
1-0: Ball
2-0: Called Strike
2-1: Swinging Strike
2-2: Foul Ball, location: 2F
2-2: DOUBLE (Groundball, 5L, EV 103.8 MPH)
Batting: RHB Kunizo Yanagisawa 0-0: Ball
1-0: Ball
2-0: Ground out 4-3 (Groundball, 4M, EV 87.5 MPH)
Top of the 1st over - 4 runs, 3 hits, 0 errors, 1 left on base; Hudson Valley 4 - Idaho Falls 0
BOTTOM OF THE 1ST
Idaho Falls Chukars batting - Pitching for Hudson Valley Renegades : RHP Kevin Stewart
Pitching: RHP Kevin Stewart
Batting: LHB John Wagner 0-0: Hit by Pitch
Batting: LHB David Bearden 0-0: Swinging Strike
0-1: Called Strike
0-2: Ball
1-2: Strikes out looking
Batting: RHB Nate De Jongh 0-0: Ball
1-0: Foul Ball, location: 2F
1-1: Ball
2-1: Reached on error, E5 (Groundball, 56S, EV 90.6 MPH)
John Wagner to second
Batting: SHB Ryoji Hiraoka 0-0: Ball
1-0: Ball
2-0: Ball
3-0: Called Strike
3-1: Foul Ball, location: 2F
3-2: Strikes out looking
Batting: RHB Kevin Allen 0-0: Called Strike
0-1: Foul Ball, location: 2F
0-2: Ball
1-2: Foul Ball, location: 2F
1-2: Strikes out swinging
Bottom of the 1st over - 0 runs, 0 hits, 1 error, 2 left on base; Hudson Valley 4 - Idaho Falls 0
TOP OF THE 2ND
Hudson Valley Renegades batting - Pitching for Idaho Falls Chukars : RHP Gary Ackerman
Batting: RHB Jesus Baires 0-0: Ball
1-0: Foul Ball, location: 2F
1-1: SINGLE (Line Drive, 9LS, EV 96.2 MPH)
Batting: SHB Chris Lockart 0-0: Ball
1-0: Called Strike
1-1: Ball
2-1: Ball
3-1: Swinging Strike
3-2: Foul Ball, location: 2F
3-2: Base on Balls
Jesus Baires to second
Pitching: RHP Austin Aubuchon
Batting: RHB Evan Chalarian 0-0: Called Strike
Jesus Baires steals 3rd base
Chris Lockart to second
0-1: Swinging Strike
0-2: Ground out 6-3 (Groundball, 6, EV 83.8 MPH)
Jesus Baires scores
Chris Lockart to third
Batting: LHB Josh Redfern 0-0: Called Strike
0-1: Ball
1-1: Ball
2-1: 2-RUN HOME RUN (Flyball, 9LD, EV 92.5 MPH), Distance : 357 ft
Batting: SHB Suljo Dokic 0-0: Foul Ball, location: 2F
0-1: Swinging Strike
0-2: Ball
1-2: Ball
2-2: Foul Ball, location: 2F
2-2: Foul Ball, location: 2F
2-2: Ground out U3 (Groundball, 3, EV 98.8 MPH)
Batting: RHB Eddie Zamora 0-0: Swinging Strike
0-1: Foul Ball, location: 2F
0-2: Ball
1-2: Foul Ball, location: 2F
1-2: Ball
2-2: Strikes out swinging
Top of the 2nd over - 3 runs, 2 hits, 0 errors, 0 left on base; Hudson Valley 7 - Idaho Falls 0
BOTTOM OF THE 2ND
Idaho Falls Chukars batting - Pitching for Hudson Valley Renegades : RHP Kevin Stewart
Batting: RHB Justin Goff 0-0: Called Strike
0-1: SINGLE (Groundball, 6, EV 99.4 MPH)
Pitching: RHP Virgil Laverick
Batting: RHB Ben Minge 0-0: Foul Ball, location: 2F
0-1: Called Strike
0-2: Fly out, F7 (Flyball, 7D, EV 104.4 MPH)
Batting: RHB Edwin Ramos 0-0: Called Strike
0-1: SINGLE (Groundball, 5S, EV 68.8 MPH) (infield hit)
Justin Goff to second
Batting: RHB Eric Erickson 0-0: Ball
1-0: Called Strike
1-1: Ball
2-1: Fly out, F7 (Flyball, 7S, EV 90.0 MPH)
Batting: LHB John Wagner 0-0: Called Strike
0-1: Called Strike
0-2: Ball
Wild Pitch!
Justin Goff to third
Edwin Ramos to second
1-2: Ball
2-2: Ball
3-2: Base on Balls
Batting: LHB David Bearden 0-0: Ground out 4-3 (Groundball, 4, EV 86.2 MPH)
Bottom of the 2nd over - 0 runs, 2 hits, 0 errors, 3 left on base; Hudson Valley 7 - Idaho Falls 0
TOP OF THE 3RD
Hudson Valley Renegades batting - Pitching for Idaho Falls Chukars : RHP Austin Aubuchon
Batting: LHB Alex Genao 0-0: Ball
1-0: Called Strike
1-1: Ground out 4-3 (Groundball, 4S, EV 70.6 MPH)
Batting: RHB Eric Waugaman 0-0: Called Strike
0-1: Ball
1-1: Ball
2-1: Foul Ball, location: 2F
2-2: Foul Ball, location: 2F
2-2: Foul Ball, location: 2F
2-2: SINGLE (Line Drive, 34D, EV 106.9 MPH)
Batting: RHB Kunizo Yanagisawa 0-0: Ball
1-0: Ball
2-0: SINGLE (Groundball, 6D, EV 103.8 MPH)
Eric Waugaman to second
Batting: RHB Jesus Baires 0-0: Ball
1-0: SINGLE (Groundball, 6MD, EV 94.4 MPH)
Eric Waugaman to third
Kunizo Yanagisawa to second
Batting: SHB Chris Lockart 0-0: Ball
1-0: Foul Ball, location: 2F
1-1: Ball
2-1: Ball
3-1: Base on Balls
Eric Waugaman scores
Kunizo Yanagisawa to third
Jesus Baires to second
Batting: RHB Evan Chalarian 0-0: Ball
1-0: Ball
2-0: Foul Ball, location: 2F
2-1: Ball
Wild Pitch!
Kunizo Yanagisawa scores
Jesus Baires to third
Chris Lockart to second
3-1: Swinging Strike
3-2: Foul Ball, location: 2F
3-2: Base on Balls
Batting: LHB Josh Redfern 0-0: Called Strike
0-1: Ball
1-1: Fly out, F8 (Flyball, 89M, EV 93.8 MPH)
Batting: SHB Suljo Dokic 0-0: Called Strike
0-1: Ball
1-1: Swinging Strike
1-2: Ball
2-2: Foul Ball, location: 2F
2-2: GRAND SLAM HOME RUN (Flyball, 9D, EV 93.8 MPH), Distance : 372 ft
Pitching: LHP Josh Dalton
Batting: RHB Eddie Zamora 0-0: Called Strike
0-1: Ground out 6-3 (Groundball, 6, EV 103.8 MPH)
Top of the 3rd over - 6 runs, 4 hits, 0 errors, 0 left on base; Hudson Valley 13 - Idaho Falls 0
BOTTOM OF THE 3RD
Idaho Falls Chukars batting - Pitching for Hudson Valley Renegades : RHP Virgil Laverick
Batting: RHB Nate De Jongh 0-0: Called Strike
0-1: Called Strike
0-2: Ball
1-2: Ball
2-2: Foul Ball, location: 2F
2-2: Ball
3-2: Foul Ball, location: 2F
3-2: Strikes out swinging
Batting: SHB Ryoji Hiraoka 0-0: Called Strike
0-1: Ball
1-1: Ground out 4-3 (Groundball, 4, EV 87.5 MPH)
Batting: RHB Kevin Allen 0-0: Ball
1-0: Ball
2-0: Ball
3-0: Called Strike
3-1: Ground out 2-3 (Groundball, 2L, EV 69.4 MPH)
Bottom of the 3rd over - 0 runs, 0 hits, 0 errors, 0 left on base; Hudson Valley 13 - Idaho Falls 0
TOP OF THE 4TH
Hudson Valley Renegades batting - Pitching for Idaho Falls Chukars : LHP Josh Dalton
Batting: LHB Alex Genao 0-0: Ball
1-0: Ball
2-0: Foul Ball, location: 2F
2-1: Foul Ball, location: 2F
2-2: Strikes out swinging
Batting: RHB Eric Waugaman 0-0: Reached on error, E6 (Groundball, 6, EV 86.2 MPH)
Batting: RHB Kunizo Yanagisawa 0-0: Fly out, F4 (Popup, 4S, EV 63.8 MPH)
Batting: RHB Jesus Baires 0-0: Ball
1-0: SINGLE (Groundball, 3D, EV 103.1 MPH)
Eric Waugaman to third
Runner from 3rd tries for Home, SAFE, throw by RF to home
Batting: SHB Chris Lockart 0-0: Ball
1-0: Ball
2-0: Ball
3-0: Called Strike
3-1: DOUBLE (Line Drive, 7LS, EV 100.0 MPH)
Jesus Baires to third
Runner from 3rd tries for Home, SAFE, no throw by LF
Batting: RHB Evan Chalarian 0-0: Called Strike
0-1: DOUBLE (Line Drive, 89M, EV 94.4 MPH)
Chris Lockart scores
Batting: LHB Josh Redfern 0-0: Ball
1-0: Fly out, F8 (Flyball, 8RS, EV 81.2 MPH)
Top of the 4th over - 3 runs, 3 hits, 1 error, 1 left on base; Hudson Valley 16 - Idaho Falls 0
BOTTOM OF THE 4TH
Idaho Falls Chukars batting - Pitching for Hudson Valley Renegades : RHP Virgil Laverick
Batting: RHB Justin Goff 0-0: Ball
1-0: Ball
2-0: Foul Ball, location: 2F
2-1: Ball
3-1: Called Strike
3-2: Base on Balls
Batting: RHB Ben Minge 0-0: SINGLE (Groundball, 56D, EV 105.0 MPH)
Justin Goff to second
Batting: RHB Edwin Ramos 0-0: SINGLE (Groundball, 6D, EV 97.5 MPH)
Justin Goff to third
Ben Minge to second
Runner from 3rd tries for Home, SAFE, throw by CF to home
Batting: RHB Eric Erickson 0-0: Ball
1-0: Called Strike
1-1: Foul Ball, location: 2F
1-2: Ball
2-2: Foul Ball, location: 2F
2-2: Foul Ball, location: 2F
2-2: Strikes out swinging
Batting: LHB John Wagner 0-0: Foul Ball, location: 2F
0-1: Ball
1-1: Fielders Choice at 2nd, 3-6 (Groundball, 34, EV 87.5 MPH)
Ben Minge to third
Batting: LHB David Bearden 0-0: Called Strike
0-1: Fly out, F8 (Line Drive, 8LM, EV 106.9 MPH)
Bottom of the 4th over - 1 run, 2 hits, 0 errors, 2 left on base; Hudson Valley 16 - Idaho Falls 1
TOP OF THE 5TH
Hudson Valley Renegades batting - Pitching for Idaho Falls Chukars : LHP Josh Dalton
Batting: SHB Suljo Dokic 0-0: Called Strike
0-1: Ball
1-1: Ball
2-1: Foul Ball, location: 2F
2-2: Ball
3-2: Foul Ball, location: 2F
3-2: Base on Balls
Batting: RHB Eddie Zamora 0-0: Ball
1-0: Ball
2-0: Called Strike
2-1: Fielders Choice at 2nd, 3-6 (Groundball, 13, EV 90.0 MPH)
Batting: LHB Alex Genao 0-0: Ball
1-0: Called Strike
1-1: Ground out 6-3 (Groundball, 6M, EV 101.9 MPH)
Eddie Zamora to second
Batting: RHB Eric Waugaman 0-0: Foul Ball, location: 2F
0-1: Ball
1-1: Called Strike
1-2: SINGLE (Groundball, 3D, EV 107.5 MPH)
Eddie Zamora to third
Runner from 3rd tries for Home, SAFE, throw by RF to home
Batting: RHB Kunizo Yanagisawa 0-0: Ground out 6-3 (Groundball, 6MD, EV 78.8 MPH)
Top of the 5th over - 1 run, 1 hit, 0 errors, 1 left on base; Hudson Valley 17 - Idaho Falls 1
BOTTOM OF THE 5TH
Idaho Falls Chukars batting - Pitching for Hudson Valley Renegades : RHP Virgil Laverick
Batting: RHB Nate De Jongh 0-0: Ball
1-0: Ball
2-0: Ball
3-0: Base on Balls
Batting: SHB Ryoji Hiraoka 0-0: Fly out, F8 (Flyball, 8RD, EV 102.5 MPH)
Batting: RHB Kevin Allen 0-0: Ball
1-0: Ball
2-0: Swinging Strike
2-1: Fielders Choice at 2nd, 3-6 (Groundball, 3S, EV 80.6 MPH)
Batting: RHB Justin Goff 0-0: Ball
1-0: Foul Ball, location: 2F
1-1: Ball
2-1: Ground out 6-3 (Groundball, 56, EV 108.1 MPH)
Bottom of the 5th over - 0 runs, 0 hits, 0 errors, 1 left on base; Hudson Valley 17 - Idaho Falls 1
TOP OF THE 6TH
Hudson Valley Renegades batting - Pitching for Idaho Falls Chukars : LHP Josh Dalton
Batting: RHB Jesus Baires 0-0: Called Strike
0-1: Ball
1-1: Fly out, F7 (Flyball, BS2, EV 97.5 MPH)
Pitching: LHP Randy Stapleton
Batting: SHB Chris Lockart 0-0: Ball
1-0: SINGLE (Groundball, 25, EV 70.0 MPH) (infield hit)
Batting: RHB Evan Chalarian 0-0: Ball
1-0: Ball
2-0: Called Strike
2-1: Fielders Choice at 2nd, 1-4 (Groundball, 25, EV 72.5 MPH)
Batting: LHB Josh Redfern 0-0: Ball
Wild Pitch!
Evan Chalarian to second
1-0: Ball
2-0: Ground out 6-3 (Groundball, 6, EV 88.8 MPH)
Top of the 6th over - 0 runs, 1 hit, 0 errors, 1 left on base; Hudson Valley 17 - Idaho Falls 1
BOTTOM OF THE 6TH
Idaho Falls Chukars batting - Pitching for Hudson Valley Renegades : RHP Virgil Laverick
Pitching: RHP Adam Worrell
Batting: RHB Ben Minge 0-0: Ball
1-0: Ball
2-0: Reached on error, E5 (Groundball, 56, EV 90.0 MPH)
Batting: RHB Edwin Ramos 0-0: Fly out, F9 (Flyball, 9S, EV 86.2 MPH)
Batting: RHB Eric Erickson 0-0: DOUBLE (Line Drive, 9LD, EV 105.6 MPH)
Ben Minge to third
Batting: LHB John Wagner 0-0: Ground out 6-3 (Groundball, 6, EV 78.1 MPH)
Ben Minge scores
Eric Erickson to third
Batting: LHB David Bearden 0-0: Ball
1-0: Swinging Strike
1-1: Ball
2-1: Ball
3-1: Ground out 6-3 (Groundball, 6, EV 88.8 MPH)
Bottom of the 6th over - 1 run, 1 hit, 1 error, 1 left on base; Hudson Valley 17 - Idaho Falls 2
TOP OF THE 7TH
Hudson Valley Renegades batting - Pitching for Idaho Falls Chukars : LHP Randy Stapleton
Pinch Hitting: RHB Jeremy Whitehurst 0-0: Ball
1-0: Foul Ball, location: 2F
1-1: Ball
2-1: Ball
3-1: Base on Balls
Batting: RHB Eddie Zamora 0-0: Fielders Choice at 2nd, 6-4 (Groundball, 6, EV 101.2 MPH)
Batting: LHB Alex Genao 0-0: Called Strike
Balk!
Eddie Zamora to second
0-1: Ball
1-1: Ball
2-1: Ball
3-1: Called Strike
3-2: Ground out 5-3 (Groundball, 5, EV 87.5 MPH)
Batting: RHB Eric Waugaman 0-0: Ball
1-0: Ball
2-0: Called Strike
2-1: Ball
Balk!
Eddie Zamora to third
3-1: Base on Balls
Batting: RHB Kunizo Yanagisawa 0-0: Called Strike
0-1: Ball
1-1: Ball
2-1: Ball
3-1: Base on Balls
Eric Waugaman to second
Batting: RHB Jesus Baires 0-0: Called Strike
0-1: Ball
1-1: Ball
2-1: Foul Ball, location: 2F
2-2: Foul Ball, location: 2F
2-2: Ball
3-2: Foul Ball, location: 2F
3-2: Base on Balls
Eddie Zamora scores
Eric Waugaman to third
Kunizo Yanagisawa to second
Batting: SHB Chris Lockart 0-0: Ball
Passed Ball!
Eric Waugaman scores
Kunizo Yanagisawa to third
Jesus Baires to second
1-0: Called Strike
1-1: Ball
2-1: Ball
3-1: Called Strike
3-2: Foul Ball, location: 2F
3-2: Base on Balls
Pitching: LHP Manny Berrones
Batting: RHB Evan Chalarian 0-0: Ball
1-0: Fielders Choice at 2nd, 6-4 (Groundball, 6, EV 92.5 MPH)
Top of the 7th over - 2 runs, 0 hits, 0 errors, 3 left on base; Hudson Valley 19 - Idaho Falls 2
BOTTOM OF THE 7TH
Idaho Falls Chukars batting - Pitching for Hudson Valley Renegades : RHP Adam Worrell
Now at 1B: Jeremy Whitehurst
Batting: RHB Nate De Jongh 0-0: Foul Ball, location: 2F
0-1: Ball
1-1: Ball
2-1: Foul Ball, location: 2F
2-2: Foul Ball, location: 2F
2-2: SINGLE (Groundball, 6MD, EV 109.4 MPH)
Batting: SHB Ryoji Hiraoka 0-0: Ball
1-0: Fielders Choice at 2nd, 4-6 (Groundball, 4M, EV 85.0 MPH)
Batting: RHB Kevin Allen 0-0: Swinging Strike
0-1: Called Strike
0-2: Ball
1-2: SINGLE (Groundball, 34S, EV 75.0 MPH) (infield hit)
Ryoji Hiraoka to second
Pinch Hitting: RHB Chad Sullivan 0-0: Foul Ball, location: 2F
0-1: Foul Ball, location: 2F
0-2: Strikes out looking
Batting: RHB Ben Minge 0-0: Called Strike
0-1: Ball
1-1: Ground out 4-3 (Groundball, 4, EV 78.1 MPH)
Bottom of the 7th over - 0 runs, 2 hits, 0 errors, 2 left on base; Hudson Valley 19 - Idaho Falls 2
TOP OF THE 8TH
Hudson Valley Renegades batting - Pitching for Idaho Falls Chukars : LHP Manny Berrones
Now at 1B: Chad Sullivan
Batting: LHB Josh Redfern 0-0: Called Strike
0-1: Ball
1-1: Ball
2-1: Ball
3-1: Base on Balls
Batting: RHB Jeremy Whitehurst 0-0: Called Strike
0-1: Swinging Strike
0-2: Ball
Wild Pitch!
Josh Redfern to second
1-2: Foul Ball, location: 2F
1-2: Ground out 6-3 (Groundball, 6, EV 81.2 MPH)
Batting: RHB Eddie Zamora 0-0: Fly out, F9 (Line Drive, 9, EV 110.0 MPH)
Batting: LHB Alex Genao 0-0: Ball
1-0: Called Strike
1-1: Ball
2-1: Called Strike
2-2: Foul Ball, location: 2F
2-2: Ball
3-2: Foul Ball, location: 2F
3-2: Foul Ball, location: 2F
3-2: Base on Balls
Pinch Hitting: SHB Josif Popovski 0-0: Swinging Strike
0-1: Foul Ball, location: 2F
0-2: DOUBLE (Groundball, 5L, EV 105.0 MPH)
Josh Redfern scores
Alex Genao to third
Runner from 3rd tries for Home, throw by LF and OUT! 7-6-2
Top of the 8th over - 1 run, 1 hit, 0 errors, 1 left on base; Hudson Valley 20 - Idaho Falls 2
BOTTOM OF THE 8TH
Idaho Falls Chukars batting - Pitching for Hudson Valley Renegades : RHP Adam Worrell
Now at SS: Josif Popovski
Batting: RHB Edwin Ramos 0-0: Foul Ball, location: 2F
0-1: Called Strike
0-2: Foul Ball, location: 2F
0-2: Strikes out swinging
Batting: RHB Eric Erickson 0-0: Ball
1-0: Ball
2-0: Called Strike
2-1: Foul Ball, location: 2F
2-2: Ball
3-2: Strikes out swinging
Batting: LHB John Wagner 0-0: Foul Ball, location: 2F
0-1: Ball
1-1: Ball
2-1: SINGLE (Groundball, 56S, EV 67.5 MPH) (infield hit)
Batting: LHB Joe Cozart 0-0: Swinging Strike
0-1: Swinging Strike
0-2: Strikes out swinging
Bottom of the 8th over - 0 runs, 1 hit, 0 errors, 1 left on base; Hudson Valley 20 - Idaho Falls 2
TOP OF THE 9TH
Hudson Valley Renegades batting - Pitching for Idaho Falls Chukars : LHP Manny Berrones
Batting: RHB Kunizo Yanagisawa 0-0: Ball
1-0: Ball
2-0: Called Strike
2-1: Fly out, F8 (Flyball, 89M, EV 88.8 MPH)
Batting: RHB Jesus Baires 0-0: Called Strike
0-1: Ground out 5-3 (Groundball, 56S, EV 83.8 MPH)
Batting: SHB Chris Lockart 0-0: Foul Ball, location: 2F
0-1: Foul Ball, location: 2F
0-2: Ball
1-2: Ground out U3 (Groundball, 34, EV 105.0 MPH)
Top of the 9th over - 0 runs, 0 hits, 0 errors, 0 left on base; Hudson Valley 20 - Idaho Falls 2
BOTTOM OF THE 9TH
Idaho Falls Chukars batting - Pitching for Hudson Valley Renegades : RHP Adam Worrell
Batting: RHB Nate De Jongh 0-0: Fly out, F8 (Flyball, 8LM, EV 88.8 MPH)
Batting: SHB Ryoji Hiraoka 0-0: Fly out, F7 (Flyball, 7D, EV 100.0 MPH)
Batting: RHB Kevin Allen 0-0: Called Strike
0-1: Foul Ball, location: 2F
0-2: Foul Ball, location: 2F
0-2: Foul Ball, location: 2F
0-2: Fly out, F4 (Popup, 4S, EV 77.5 MPH)
Bottom of the 9th over - 0 runs, 0 hits, 0 errors, 0 left on base; Hudson Valley 20 - Idaho Falls 2
Wednesday, June 22nd , 2022 - OOTP Baseball 23.4 Build 64